 Dungeon Crawl Stone Soup version 0.26.0-10-g1f06aea511 (webtiles) character file.

Game seed: 12156512968786096316

502 Hugehornet the Chopper (level 7, -8/41 HPs)
             Began as a Gargoyle Fighter on Jan 30, 2021.
             Killed from afar by an orc wizard (16 damage)
             ... with a bolt of acid
             ... on level 4 of the Dungeon.
             The game lasted 00:04:51 (2933 turns).

Hugehornet the Chopper (Gargoyle Fighter)           Turns: 2933, Time: 00:04:52

Health: -8/41      AC: 11    Str: 20    XL:     7   Next: 17%
Magic:  7/7        EV:  7    Int: 10    God:
Gold:   198        SH: 14    Dex:  9    Spells: 6/6 levels left

rFire    . . .     SeeInvis .   a - +0 war axe
rCold    . . .     Faith    .   c - +0 kite shield
rNeg     + . .     Spirit   .   b - +0 scale mail
rPois    ∞         Reflect  +   (no helmet)
rElec    +         Harm     .   (no cloak)
rCorr    .         Rampage  .   (no gloves)
Will     .....                  (no boots)
Stlth    ..........             m - amulet of reflection
HPRegen  0.13/turn              k - ring of attention (curse)
MPRegen  0.10/turn              r - +4 ring of slaying

@: mighty
A: negative energy resistance 1, electricity resistance, unbreathing,
petrification resistance, miasma immunity, AC +4
a: no special abilities


You were on level 4 of the Dungeon.
You visited 1 branch of the dungeon, and saw 4 of its levels.

You collected 198 gold pieces.

Inventory:

Hand Weapons
 a - a +0 war axe (weapon)
 q - a +0 trident
Armour
 b - a +0 scale mail (worn)
 c - a +0 kite shield (worn)
Jewellery
 k - a cursed ring of attention (left hand)
 m - an amulet of reflection (around neck)
 r - a +4 ring of slaying (right hand)
Scrolls
 e - 3 scrolls of immolation {unknown}
 f - 3 scrolls of teleportation {unknown}
 g - 2 scrolls of enchant weapon {unknown}
 h - 3 scrolls of identify {unknown}
 j - 5 scrolls of remove curse {unknown}
 o - 2 scrolls of random uselessness {unknown}
 p - 3 scrolls of fear {unknown}
Potions
 d - 2 potions of might
 n - a potion of invisibility {unknown}
 s - a potion of attraction {unknown}


   Skills:
 - Level 3.2 Fighting
 + Level 6.9 Axes
 - Level 3.2 Armour
 - Level 3.2 Shields


You had 6 spell levels left.
You didn't know any spells.
Your spell library contained the following spells:

 Spells                   Type           Power        Failure   Level
 Magic Dart               Conj           0%           99%         1
 Blink                    Tloc           N/A          100%        2
 Call Imp                 Summ           0%           100%        2
 Slow                     Hex            0%           100%        2
 Conjure Flame            Conj/Fire      0%           100%        3
 Mephitic Cloud           Conj/Pois/Air  0%           100%        3


Dungeon Overview and Level Annotations

Branches:
Dungeon (4/15)
 Temple: D:4-7

Altars:


Innate Abilities, Weirdness & Mutations

You are resistant to torment.
Your stone body is resilient. (AC +4)
You are immune to poison.
You resist negative energy. (rN+)
You are resistant to electric shocks. (rElec)
You can survive without breathing.
You are immune to petrification.
You are immune to miasma.


Message History

You feel magically purged.
You are no longer corroded.
You block the orc's attack. The orc wizard casts a spell at you.
The puff of frost hits you.
* * * LOW HITPOINT WARNING * * *
It was a potion of curing.
You feel better. The orc barely misses you. The orc wizard closely misses you.
You feel very mighty all of a sudden. You block the orc's attack.
You block the orc wizard's attack.
You slash the orc wizard!
The orc wizard is heavily wounded.
You completely miss the orc. You block the orc's attack.
The orc wizard hits you but does no damage.
You barely miss the orc wizard.
The orc wizard is heavily wounded.
You closely miss the orc. The orc hits you with a +0 short sword.
* * * LOW HITPOINT WARNING * * *
The orc wizard zaps a wand.
The bolt of acid hits you!
You die...

######### ### #....(..#
#.### #.......#
#...#####
#.......#######........
#....o@)..........####.
#....o..#########.## ##
#.......# #..#
####.#### #..# #
#.###### #..## #
#.#....# ##[.# #
#.#....# #..# #
#.#....########..###
#.#.................


You could see an orc wizard and an orc.

Vanquished Creatures
  Grinder (D:4)
  An ogre (D:4)
  A centaur skeleton (D:4)
  An orc wizard (D:3)
  An orc priest (D:3)
  A worker ant (D:3)
  4 adders
  An adder skeleton (D:4)
  2 worms
  2 dart slugs
  2 leopard geckos
  7 orcs
  9 bats
  5 giant cockroaches
  9 goblins
  3 hobgoblins (D:3)
  A quokka (D:4)
  2 frilled lizards (D:2)
  7 kobolds
  A leopard gecko skeleton (D:4)
  4 rats
65 creatures vanquished.

Vanquished Creatures (others)
  A frilled lizard (D:4)
1 creature vanquished.

Grand Total: 66 creatures vanquished

Notes
Turn   | Place    | Note
-------+----------+-------------------------------------------
     0 | D:1      | Hugehornet the Gargoyle Fighter began the quest for the
                  | Orb.
     0 | D:1      | Reached XP level 1. HP: 14/14 MP: 1/1
    79 | D:1      | Reached skill level 2 in Axes
   175 | D:1      | Reached XP level 2. HP: 19/19 MP: 2/2
   689 | D:1      | Reached skill level 3 in Axes
   904 | D:2      | Reached XP level 3. HP: 23/23 MP: 3/3
  1795 | D:2      | Reached XP level 4. HP: 27/28 MP: 4/4
  2048 | D:3      | Reached skill level 4 in Axes
  2136 | D:3      | Reached XP level 5. HP: 22/32 MP: 5/5
  2416 | D:3      | Reached skill level 5 in Axes
  2627 | D:4      | Noticed an ogre
  2636 | D:4      | Killed an ogre
  2637 | D:4      | Reached XP level 6. HP: 37/37 MP: 6/6
  2676 | D:4      | Reached skill level 6 in Axes
  2734 | D:4      | Noticed Grinder
  2738 | D:4      | Paralysed by Grinder for 2 turns
  2762 | D:4      | Killed Grinder
  2763 | D:4      | Reached XP level 7. HP: 36/41 MP: 7/7
  2929 | D:4      | HP: 2/41 [orc wizard/puff of frost (5)]
  2933 | D:4      | Killed from afar by an orc wizard

Illustrated notes

Levels and vault maps discovered:
D:1:      tarquinn_simple_flora_water_b, layout_loops_cross,
          roderic_serpentine_path
D:2:      layout_basic
D:3:      layout_rooms
D:4:      layout_rooms, uniq_grinder

Skill      XL: |  1  2  3  4  5  6 |
---------------+-------------------+-----
Axes           | 2 3 4 5 6 |  6.9
Fighting       | |  3.2
Armour         | |  3.2
Shields        | |  3.2

Action                   |  1- 3 |  4- 6 |  7- 9 || total
-------------------------+-------+-------+-------++-------
Melee: War axe           |   116 |   104 |     7 ||   227
  Use: Potion            |       |       |     3 ||     3
Armor: Scale mail        |    52 |    46 |     2 ||   100
Dodge: Dodged            |    36 |    14 |     5 ||    55
Block: Kite shield       |    67 |    74 |     7 ||   148
       Reflection        |       |     4 |       ||     4
